 Dungeon Crawl Stone Soup version 0.32-a0-711-g016ad743e0 (webtiles) character file.

Game seed: 12871435554801317647

312 NateTC the Magician (level 6, -8/45 HPs)
             Began as a Djinni Hedge Wizard on Mar 14, 2024.
             Was an Initiate of Nemelex Xobeh.
             Killed from afar by Blork the orc (10 damage)
             ... with a puff of frost
             ... on level 4 of the Dungeon on Mar 16, 2024.
             The game lasted 00:07:34 (3178 turns).

NateTC the Magician (Djinni Hedge Wizard)           Turns: 3178, Time: 00:07:35

Health: -8/45      AC:  3    Str:  9    XL:     6   Next: 71%
Gold:   189        EV: 11    Int: 18    God:    Nemelex Xobeh [......] SH:  0 Dex: 12

rFire   + + .        a - +0 dagger
rCold   x . .        (no shield)
rNeg    . . .        b - +0 robe
rPois   ∞            c - +0 hat
rElec   .            (no cloak)
rCorr   .            q - +0 pair of gloves
SInv    .            (boots unavailable)
Will    .....        (no amulet)
Stlth   ++           (no ring)
HPRegen 0.27/turn    (no ring)
MPRegen 0.00/turn

%: infuse magic (-9 HP)
@: flying
A: sickness immunity, fire resistance 2, cold vulnerability 1, float, innate
caster, HP casting, extra vitality 1
a: Renounce Religion, Draw Escape, Draw Destruction, Draw Summoning


You were on level 4 of the Dungeon.
You worshipped Nemelex Xobeh.
Nemelex Xobeh was noncommittal.
You visited 2 branches of the dungeon, and saw 5 of its levels.

You collected 189 gold pieces.

Inventory:

Hand Weapons
 a - a +0 dagger (weapon)
Armour
 b - a +0 robe (worn)
 c - a +0 hat (worn)
 q - a +0 pair of gloves (worn)
Jewellery
 e - a ring of see invisible
Scrolls
 d - 4 scrolls of identify {unknown}
 f - a scroll of torment {unknown}
 g - 3 scrolls of teleportation {unknown}
 i - a scroll of brand weapon {unknown}
 j - a scroll of blinking {unknown}
 n - a scroll of enchant armour {unknown}
 p - a scroll of revelation {unknown}
Potions
 h - a potion of ambrosia {unknown}
 k - a potion of invisibility {unknown}
 l - a potion of attraction {unknown}
 m - a potion of degeneration {unknown}
 o - a potion of lignification {unknown}
 r - a potion of brilliance {unknown}


   Skills:
 + Level 2.7 Fighting
 - Level 2.1 Dodging
 - Level 1.5 Stealth
 * Level 5.2 Spellcasting
 * Level 5.2 Conjurations
 * Level 5.2 Hexes
 * Level 5.2 Summonings
 * Level 5.2 Necromancy
 * Level 5.2 Translocations
 * Level 5.2 Fire Magic
 * Level 5.2 Ice Magic
 * Level 5.2 Air Magic
 * Level 5.2 Earth Magic
 * Level 5.2 Alchemy


You knew the following spells:

 Your Spells              Type           Power      Damage    Failure   Level
a - Magic Dart            Conj           92%        1d7       1%          1
b - Slow                  Hex            92%        N/A       1%          1
c - Blink                 Tloc           46%        N/A       2%          2
d - Call Imp              Summ           46%        N/A       2%          2
e - Mephitic Cloud        Conj/Alch/Air  23%        N/A       4%          3
f - Summon Small Mammal   Summ           92%        N/A       1%          1
g - Lesser Beckoning      Tloc           46%        N/A       2%          2
Your spell library was empty.

Dungeon Overview and Level Annotations

Branches:
Dungeon (4/15) Zot: 20978  Temple (1/1) D:4 Zot: 5842

Altars:
Cheibriados
Dithmenos
Elyvilon
Fedhas
Hepliaklqana
Makhleb
Nemelex Xobeh
Qazlal
Ru
Trog
Uskayaw
Wu Jian
Xom
Yredelemnul
Zin
The Shining One

Shops:
D:2 *

Annotations:
D:4 Blork the orc


Innate Abilities, Weirdness & Mutations

You are immune to sickness and miasma.
You are immune to poison.
Your flesh is very heat resistant. (rF++)
You are vulnerable to cold. (rC-)
You float through the air rather than walking.
You learn spells naturally, not from books.
Your magical power is your life essence.
You have superior vitality. (+4 MHP)


Message History

Aim: Blork the orc, wielding a +2 short sword of protection and wearing a +0 robe (heavily wounded, fast, 100% to hit)
The magic dart hits Blork the orc but does no damage.
Blork the orc is heavily wounded.
* * * LOW HITPOINT WARNING * * *
Blork the orc misses you. Blork the orc barely misses you.
Casting: Magic Dart (safe; 1% risk of failure)
Confirm with . or Enter, or press ? or * to list all spells.
Aiming: Magic Dart (safe; 1% risk of failure)
Press: ? - help, Shift-Dir - straight line, f/p - Blork the orc
Aim: Blork the orc, wielding a +2 short sword of protection and wearing a +0 robe (heavily wounded, fast, 100% to hit)
The magic dart hits Blork the orc but does no damage.
Blork the orc is heavily wounded.
* * * LOW HITPOINT WARNING * * *
Blork the orc hits you with a +2 short sword of protection.
* * * LOW HITPOINT WARNING * * *
Casting: Magic Dart (safe; 1% risk of failure)
Confirm with . or Enter, or press ? or * to list all spells.
Aiming: Magic Dart (safe; 1% risk of failure)
Press: ? - help, Shift-Dir - straight line, f/p - Blork the orc
Aim: Blork the orc, wielding a +2 short sword of protection and wearing a +0 robe (heavily wounded, fast, 100% to hit)
The magic dart hits Blork the orc.
Blork the orc is heavily wounded.
* * * LOW HITPOINT WARNING * * *
Blork the orc hits you with a +2 short sword of protection.
* * * LOW HITPOINT WARNING * * *
Blork the orc barely misses you.
Casting: Magic Dart (safe; 1% risk of failure)
Confirm with . or Enter, or press ? or * to list all spells.
You don't have enough health to cast this spell.
Unknown command.
Casting: Magic Dart (safe; 1% risk of failure)
Confirm with . or Enter, or press ? or * to list all spells.
You don't have enough health to cast this spell.
Blork the orc attacks as he pursues you!
Blork the orc misses you.
Blork the orc screams, "I'll crush all your ribs!
One by one!"
Blork the orc gestures at you while chanting.
The puff of frost hits you!
You feel a terrible chill!
You die...
Your body disappears without a glow.

####.........##.....
...............###..##.....
........##..................
...<....##.#.##.###.........
........##.#.##.# #.........
........##.#.##.###.........
.......... #..............[.
.........###.##.#...........
...........@.##.............
#.#..#...###o##...........##
........## #o####........##.
#+#..##.####.#####......##..
....>....o............÷.###.
....###.###..#####......###)
.. #.# #..#...........#..
........# #..#......##......
#.#########..#......###.....


You could see Blork the orc (fast) and an orc wizard.

Vanquished Creatures
  A hound (D:4)
  A jelly (D:4)
  A sleepcap (D:4)
  Natasha (D:2)
  An iguana (D:4)
  An orc wizard (D:4)
  8 adders
  2 ufetubi (D:3)
  2 dart slugs
  2 orcs (D:4)
  4 endoplasms
  2 giant cockroaches
  8 goblins
  4 hobgoblins
  4 jackals (D:3)
  5 kobolds
  A quokka (D:1)
  6 ball pythons
  3 bats
  5 frilled lizards
  10 rats
72 creatures vanquished.

Vanquished Creatures (others)
  A goblin (D:1)
1 creature vanquished.

Grand Total: 73 creatures vanquished

Notes
Turn   | Place    | Note
-------+----------+-------------------------------------------
     0 | D:1      | NateTC the Djinni Hedge Wizard began the quest for the Orb.
     0 | D:1      | NateTC set off with the following spells memorised: Magic
                  | Dart, Slow, Blink, Call Imp, Mephitic Cloud.
     0 | D:1      | Reached XP level 1. HP: 15/15 MP: 0/0
    75 | D:1      | Reached XP level 2. HP: 4/21 MP: 0/0
   195 | D:1      | You are sucked into a shaft and drop 1 floor!
   281 | D:2      | Reached XP level 3. HP: 24/25 MP: 0/0
   281 | D:2      | Learned a level 1 spell: Summon Small Mammal
   345 | D:2      | Upgraded the game from 0.32-a0-699-g1ee5eff69a to
                  | 0.32-a0-711-g016ad743e0
   411 | D:2      | Found the +6 shillelagh "Devastator" {shatter}
   630 | D:2      | Found Xaihelukk's Assorted Antiques.
   701 | D:2      | Reached XP level 4. HP: 24/31 MP: 0/0
   946 | D:2      | Noticed Natasha
   952 | D:2      | Killed Natasha
   953 | D:2      | Reached skill level 1 in Fighting
  1498 | D:3      | Reached XP level 5. HP: 19/37 MP: 0/0
  1498 | D:3      | Learned a level 2 spell: Lesser Beckoning
  1732 | D:3      | Found an ornate altar of the Wu Jian Council.
  1732 | D:3      | Found a hazy altar of Hepliaklqana.
  2303 | D:4      | Found a staircase to the Ecumenical Temple.
  2333 | D:4      | Reached XP level 6. HP: 37/43 MP: 0/0
  2608 | D:4      | Reached skill level 5 in Spellcasting
  2608 | D:4      | Reached skill level 5 in Conjurations
  2608 | D:4      | Reached skill level 5 in Hexes
  2608 | D:4      | Reached skill level 5 in Summonings
  2608 | D:4      | Reached skill level 5 in Necromancy
  2608 | D:4      | Reached skill level 5 in Translocations
  2608 | D:4      | Reached skill level 5 in Fire Magic
  2608 | D:4      | Reached skill level 5 in Ice Magic
  2608 | D:4      | Reached skill level 5 in Air Magic
  2608 | D:4      | Reached skill level 5 in Earth Magic
  2608 | D:4      | Reached skill level 5 in Alchemy
  2891 | D:4      | Noticed Blork the orc
  2947 | Temple   | Entered the Ecumenical Temple
  3095 | Temple   | Became a worshipper of Nemelex Xobeh the Trickster
  3176 | D:4      | HP: 1/45 [Blork the orc/+2 short sword of protection (1)]
  3178 | D:4      | Killed from afar by Blork the orc

Illustrated notes

Levels and vault maps discovered:
D:1:      orjb1_clovarrival, layout_basic
D:2:      layout_basic, serial_shops, shop, uniq_natasha
D:3:      layout_loops_cross, mainiacjoe_overflow_divided_tiny,
          minmay_misc_feat_pillars
D:4:      layout_basic, minmay_temple_entry_wispy, minmay_misc_feat_rugged,
          grunt_decor_resistance, uniq_blork_the_orc
Temple:   eino_temple_scatter_basement

Skill      XL: |  1  2  3  4  5  6 |
---------------+-------------------+-----
Spellcasting   | 4 5 |  5.2
Conjurations   | 4 5 |  5.2
Hexes          | 4 5 |  5.2
Summonings     | 4 5 |  5.2
Necromancy     | 4 5 |  5.2
Translocations | 4 5 |  5.2
Fire Magic     | 4 5 |  5.2
Ice Magic      | 4 5 |  5.2
Air Magic      | 4 5 |  5.2
Earth Magic    | 4 5 |  5.2
Alchemy        | 4 5 |  5.2
Fighting       | 1 2 |  2.7
Dodging        | |  2.1
Stealth        | |  1.5

Action                     |  1- 3 |  4- 6 || total
---------------------------+-------+-------++-------
  Melee: Dagger            |     1 |       ||     1
   Cast: Magic Dart        |    51 |   148 ||   199
         Blink             |     1 |       ||     1
         Mephitic Cloud    |       |     1 ||     1
         Summon Small Mamm |       |     1 ||     1
 Armour: Robe              |     8 |    41 ||    49
  Dodge: Dodged            |     8 |    29 ||    37

Table legend: (Time is in decaauts)
 A = Elapsed time spent in this place.
 B = Non-inter-level travel time spent in this place.
 C = Inter-level travel time spent in this place.
 D = Time resting spent in this place.
 E = Time spent auto-exploring this place.
 F = Levels seen in this place.
 G = Mean time per level.
                   A        B        C        D        E       F      G
               +--------+--------+--------+--------+--------+-----+--------+
         Total |   3177 |   3058 |    119 |    438 |   1871 |   5 |  635.4 |
       Dungeon |   3020 |   2910 |    110 |    300 |   1871 |   4 |  755.0 |
        Temple |    157 |    148 |      9 |    138 |      0 |   1 |  157.0 |
               +--------+--------+--------+--------+--------+-----+--------+

Top non-repeatable levels by time:
     D:2: 857 daAuts
     D:3: 807 daAuts
     D:4: 721 daAuts
     D:1: 633 daAuts
  Temple: 157 daAuts
